 Dungeon Crawl Stone Soup version 0.28-a0-1312-g71652a0310 (webtiles) character file.

Game seed: 12038874872353182454

4190 gimp the Caller (level 9, -3/69 HPs)
             Began as a Demigod Wanderer on Dec 27, 2021.
             Slain by a killer bee (6 damage)
             ... on level 8 of the Dungeon.
             The game lasted 00:16:41 (11404 turns).

gimp the Caller (Demigod Wanderer)                 Turns: 11404, Time: 00:16:42

Health: -3/69      AC:  5    Str: 16    XL:     9   Next: 81%
Magic:  19/21      EV: 13    Int: 32    God:
Gold:   257        SH:  0    Dex: 10    Spells: 13/20 levels left

rFire   . . .      SeeInvis .   a - +0 flail
rCold   . . .      Faith    .   (no shield)
rNeg    . . .      Spirit   .   u - +0 robe {Will+}
rPois   .          Reflect  .   (no helmet)
rElec   .          Harm     .   s - +0 cloak
rCorr   .          Rampage  .   e - +1 pair of gloves
Will    +....                   (no boots)
Stlth   +.........              A - amulet of magic regeneration
HPRegen 0.21/turn               k - +4 ring of slaying
MPRegen 0.57/turn               o - +6 ring of intelligence

@: no status effects
A: high mp 1, forlorn, divine attributes
a: no special abilities


You were on level 8 of the Dungeon.
You visited 1 branch of the dungeon, and saw 8 of its levels.

You collected 516 gold pieces.
You spent 259 gold pieces at shops.

Inventory:

Hand Weapons
 a - a +0 flail (weapon)
 b - a +4 quarterstaff of chaos
Missiles
 r - a throwing net
 J - 2 curare-tipped darts
Armour
 e - a +1 pair of gloves (worn)
 s - a +0 cloak (worn)
 u - a +0 robe of willpower (worn)
 E - a +0 buckler
Magical Staves
 v - a staff of earth
 M - a staff of conjuration
Jewellery
 f - a +6 ring of dexterity
 g - a ring of wizardry
 k - a +4 ring of slaying (left hand)
 o - a +6 ring of intelligence (right hand)
 x - a ring of resist corrosion
 y - a +4 ring of evasion
 A - an amulet of magic regeneration (around neck)
 B - a +6 ring of intelligence
 C - an amulet of the acrobat
Wands
 z - a wand of paralysis (20)
 I - a wand of flame (21)
 L - a wand of acid (4)
 N - a wand of mindburst (20)
Scrolls
 d - a scroll of torment {unknown}
 i - a scroll of blinking
 j - a scroll of holy word {unknown}
 m - a scroll of vulnerability
 n - a scroll of enchant weapon
 q - a scroll of teleportation
 G - a scroll of magic mapping
Potions
 c - a potion of haste
 h - a potion of berserk rage
 l - 2 potions of heal wounds
 p - a potion of attraction
 w - a potion of flight
 D - 2 potions of ambrosia
 F - a potion of resistance
Miscellaneous
 t - a piece from Xom's chessboard (15/15)


   Skills:
 - Level 3.0 Fighting
 - Level 6.0 Maces & Flails
 - Level 6.0 Dodging
 + Level 3.5 Shields
 - Level 6.0 Spellcasting
 - Level 6.0 Summonings
 + Level 3.4 Earth Magic
 - Level 2.6 Evocations


You had 13 spell levels left.
You knew the following spells:

 Your Spells              Type           Power      Damage    Failure   Level
a - Summon Small Mammal   Summ           100%       N/A       1%          1
b - Call Canine Familiar  Summ           48%        N/A       1%          3
c - Stone Arrow           Conj/Erth      40%        3d9       7%          3

Your spell library contained the following spells:

 Spells                   Type           Power      Damage    Failure   Level
 Sandblast                Erth           62%        2d14      1%          1
 Passwall                 Tmut/Erth      16%        N/A       3%          2
 Pain                     Necr           36%        1d5       4%          1
 Corpse Rot               Necr/Air       18%        N/A       7%          2
 Gell's Gravitas          Tloc           9%         N/A       14%         3
 Lesser Beckoning         Tloc           9%         N/A       14%         3
 Teleport Other           Tloc           9%         N/A       14%         3
 Dispel Undead            Necr           9%         3d8       41%         4
 Olgreb's Toxic Radiance  Pois           9%         N/A       41%         4
 Agony                    Necr           9%         N/A       77%         5
 Excruciating Wounds      Necr           4%         N/A       77%         5
 Death Channel            Necr           4%         N/A       100%        6
 Ozocubu's Refrigeration  Ice            4%         4d5       100%        7
 Ignition                 Fire           4%         3d4       100%        8


Dungeon Overview and Level Annotations

Branches:
Dungeon (8/15)             Temple (0/1) D:5            Lair (0/6) D:8

Shops:
D:7 *


Innate Abilities, Weirdness & Mutations

You have an increased reservoir of magic. (+10% MP)
You shall have no god before yourself.
Your divine heritage dramatically boosts your attributes as you level up.


Message History

Orders for allies: a - Attack new target. r - Retreat! s - Stop attacking. g - Guard the area. f - Follow me.
Anything else - Cancel.
Guard this area!
You feel sick.
The killer bee stings your wolf but does no damage.
Your wolf misses the killer bee. The killer bee stings your wolf.
Your wolf is poisoned.
The killer bee poisons your wolf!
Your wolf bites the killer bee.
You take 1 damage, and have 5/69 hp.
You feel sick. The killer bee misses your wolf.
Your wolf barely misses the killer bee.
The killer bee closely misses your wolf.
Your wolf bites the killer bee!
The killer bee dies!
You take 1 damage, and have 4/69 hp.
Okay, then.
You feel sick.
The killer bee closely misses your wolf.
Your wolf misses the killer bee. The killer bee stings your wolf!
You feel sick.
Your wolf misses the killer bee.
The killer bee completely misses your wolf.
Your wolf completely misses the killer bee.
The killer bee stings your wolf.
You take 1 damage, and have 3/69 hp.
MP restored: 21 You feel sick.
You are no longer poisoned.
Your wolf bites the killer bee!
The killer bee barely misses your wolf.
Your wolf closely misses the killer bee.
The killer bee barely misses your wolf.
You take 1 damage, and have 2/69 hp.
Your wolf dies!
Your wolf's corpse disappears in a puff of smoke!
Casting: Call Canine Familiar (safe; 1% risk of failure)
Confirm with . or Enter, or press ? or * to list all spells.
The killer bee closely misses you.
You now have 19/21 mp.
The killer bee stings you.
You die...

.#>#..####..#
.)).......#.# #########
h#..........# #.......#
.#....#####.### #.#####.#
.............§## #.#
#.##### ......####§###l##
#.# #..(... ....#.###.##
##y## #.# #.####.
......##h## ##y#
#.#####.#.... #...####y#
#@####.......#.##. #...#
#.## ##h........####.##.
P...## ##.## ##.##########
#.... .....####y.###..#
####### #.###
P.P..y...l#.....## #.....#
#.###
.P.....yP........###.....#
#....
.PPP.........##..........#
#.###
P.PP.......#.##..###.....#
#.# P.......P..#..#..#
#.....# #.#


You could see a wyvern, 2 killer bees and a friendly wolf (summoned).

Vanquished Creatures
  A wyvern (D:8)
  2 vampire mosquitoes (D:8)
  3 water moccasins (D:8)
  An acid dragon (D:8)
  An ice beast (D:6)
  A sky beast (D:8)
  2 black bears
  A centaur (D:7)
  4 bullfrogs
  A wyvern zombie (D:7)
  A scorpion (D:6)
  A water moccasin zombie (D:7)
  2 water moccasin skeletons
  A killer bee (D:8)
  A howler monkey (D:4)
  2 centaur zombies
  A hound (D:4)
  A jelly (D:5)
  An orc priest (D:6)
  An iguana (D:6)
  An orc wizard (D:7)
  A killer bee zombie (D:8)
  A howler monkey zombie (D:6)
  3 gnolls
  7 adders
  2 white imps (D:6)
  An ufetubus (D:5)
  A worm (D:2)
  3 dart slugs
  4 orcs
  6 endoplasms
  4 giant cockroaches
  7 goblins
  6 hobgoblins
  5 jackals
  12 kobolds
  5 quokkas
  5 ball pythons
  5 bats
  A frilled lizard (D:3)
  5 rats
114 creatures vanquished.

Vanquished Creatures (collateral kills)
  A vampire mosquito (D:8)
  A water moccasin (D:8)
  An ice beast (D:5)
  4 black bears
  A sky beast (D:5)
  2 ogres
  A centaur (D:7)
  2 kobold brigands (D:8)
  A wyvern zombie (D:3)
  2 gnoll sergeants
  A scorpion (D:8)
  3 killer bees (D:8)
  A bullfrog zombie (D:5)
  2 hounds
  Crazy Yiuf (D:2)
  A jelly (D:6)
  An iguana (D:6)
  An orc wizard (D:7)
  An adder (D:4)
  13 gnolls
  A worm (D:5)
  A dart slug (D:4)
  6 orcs
  An endoplasm (D:2)
  2 goblins (D:4)
  3 jackals
  2 quokkas (D:4)
  A frilled lizard (D:2)
  2 kobolds (D:8)
  3 rats (D:1)
63 creatures vanquished.

Vanquished Creatures (others)
  35 fungi (D:8)
  27 plants (D:8)
62 creatures vanquished.

Grand Total: 239 creatures vanquished

Notes
Turn   | Place    | Note
-------+----------+-------------------------------------------
     0 | D:1      | gimp the Demigod Wanderer began the quest for the Orb.
     0 | D:1      | gimp set off with the following items: a +0 flail, a piece
                  | from Xom's chessboard (15/15), a +0 leather armour; and the
                  | following spell memorised: Summon Small Mammal; and the
                  | following spells available to memorise: Call Canine
                  | Familiar
     0 | D:1      | Reached XP level 1. HP: 14/14 MP: 5/5
   747 | D:1      | Reached XP level 2. HP: 16/20 MP: 5/7
  1667 | D:2      | Reached XP level 3. HP: 20/26 MP: 5/8
  1769 | D:2      | Learned a level 3 spell: Call Canine Familiar
  2414 | D:2      | You fall into a shaft and drop 1 floor!
  2568 | D:3      | Reached XP level 4. HP: 33/33 MP: 9/9
  3493 | D:2      | Found a runed translucent door.
  3494 | D:2      | Noticed Crazy Yiuf
  3579 | D:2      | Killed Crazy Yiuf
  3787 | D:3      | Reached XP level 5. HP: 11/38 MP: 4/10
  4748 | D:4      | Reached XP level 6. HP: 34/45 MP: 7/11
  5352 | D:5      | Entered Level 5 of the Dungeon
  5409 | D:4      | Reached skill level 5 in Maces & Flails
  5409 | D:4      | Reached skill level 5 in Summonings
  5673 | D:5      | Reached XP level 7. HP: 40/50 MP: 7/12
  5971 | D:4      | Learned a level 3 spell: Stone Arrow
  6359 | D:5      | Reached skill level 1 in Fighting
  6510 | D:5      | Found a staircase to the Ecumenical Temple.
  6734 | D:6      | Reached XP level 8. HP: 33/60 MP: 15/15
  8350 | D:7      | Found Tiagoqal's General Store.
  8359 | D:7      | Bought a potion of heal wounds for 65 gold pieces
  8359 | D:7      | Bought a potion of ambrosia for 104 gold pieces
  8359 | D:7      | Bought a scroll of magic mapping for 45 gold pieces
  8359 | D:7      | Bought a scroll of fear for 45 gold pieces
  9348 | D:8      | Reached skill level 5 in Dodging
  9348 | D:8      | Reached skill level 5 in Spellcasting
  9348 | D:8      | Reached XP level 9. HP: 51/69 MP: 18/20
 10059 | D:8      | Found a staircase to the Lair.
 10264 | D:8      | Reached skill level 1 in Shields
 10307 | D:8      | Reached skill level 1 in Earth Magic
 11371 | D:8      | HP: 3/69 [killer bee (6)]
 11400 | D:8      | HP: 3/69 [poisoned by a killer bee]
 11404 | D:8      | Slain by a killer bee

Illustrated notes

Levels and vault maps discovered:
D:1:      dpeg_cavernosity, layout_basic
D:2:      minmay_inner_zag, layout_loops_ring, uniq_crazy_yiuf_cottage
D:3:      layout_basic, chequers_ecumenical_altar_island
D:4:      layout_cave_pools, gammafunk_temple_overflow_wave, minmay_statues_item
D:5:      black_bear_nest_1, layout_gridville, pf_just_have_faith,
          minmay_temple_entry_from_below_a
D:6:      layout_basic
D:7:      layout_loops_ring, serial_shops, nicolae_square_shop
D:8:      layout_loops_cross, due_lair_maze_entry_diamond,
          kennysheep_minor_cross

Skill      XL: |  1  2  3  4  5  6  7  8  9 |
---------------+----------------------------+-----
Maces & Flails | 2 3 4 5 6 |  6.0
Summonings     | 2 3 4 5 6 |  6.0
Spellcasting   | 2 5 6 |  6.0
Fighting       | 1 3 |  3.0
Dodging        | 2 5 6 |  6.0
Shields        | 3 |  3.5
Earth Magic    | 3 |  3.4
Evocations     | |  2.6

Action                   |  1- 3 |  4- 6 |  7- 9 || total
-------------------------+-------+-------+-------++-------
Melee: Flail             |   115 |   108 |   167 ||   390
 Cast: Summon Small Mamm |    16 |     1 |     5 ||    22
       Call Canine Famil |     4 |    14 |    46 ||    64
       Stone Arrow       |       |       |     2 ||     2
Evoke: Wand              |       |       |     5 ||     5
  Use: Scroll            |       |       |    11 ||    11
       Potion            |       |       |     6 ||     6
 Stab: Sleeping          |     2 |       |       ||     2
       Distracted        |       |       |     4 ||     4
       Paralysed         |       |       |     5 ||     5
Armor: Leather armour    |    50 |    15 |       ||    65
       Robe              |       |    28 |    57 ||    85
Dodge: Dodged            |    91 |    75 |   148 ||   314

Table legend: (Time is in decaauts)
 A = Elapsed time spent in this place.
 B = Non-inter-level travel time spent in this place.
 C = Inter-level travel time spent in this place.
 D = Time resting spent in this place.
 E = Time spent auto-exploring this place.
 F = Levels seen in this place.
 G = Mean time per level.
                   A        B        C        D        E       F      G
               +--------+--------+--------+--------+--------+-----+--------+
         Total |  11473 |  11176 |    297 |    695 |   8793 |   8 | 1434.1 |
       Dungeon |  11473 |  11176 |    297 |    695 |   8793 |   8 | 1434.1 |
               +--------+--------+--------+--------+--------+-----+--------+

Top non-repeatable levels by time:
     D:2: 1724 daAuts
     D:1: 1636 daAuts
     D:8: 1614 daAuts
     D:7: 1589 daAuts
     D:6: 1583 daAuts
     D:4: 1286 daAuts
     D:3: 1272 daAuts
     D:5: 767 daAuts
